 Dungeon Crawl Stone Soup version 0.25.1-9-gc5326a611f (webtiles) character file.

Game seed: 8985886521573585735

65 Destapler the Skirmisher (level 4, -2/40 HPs)
             Began as a Hill Orc Abyssal Knight on Jan 1, 2021.
             Was a Follower of Lugonu.
             Slain by Sigmund
             ... wielding a +3 scythe of freezing
              (3 damage)
             ... on level 2 of the Dungeon.
             The game lasted 00:07:21 (1497 turns).

Destapler the Skirmisher (Hill Orc Abyssal Knight)  Turns: 1497, Time: 00:07:22

Health: -2/40      AC:  7    Str: 14    XL:     4   Next: 13%
Magic:  6/6        EV: 11    Int: 12    God:    Lugonu [*.....]
Gold:   145        SH:  0    Dex: 13    Spells: 3/3 levels left

rFire    . . .     SeeInvis .   a - +1 hand axe
rCold    . . .     Gourm    .   (no shield)
rNeg     . . .     Faith    .   h - +4 leather armour of Somewhere Else {rCorr Dex+2}
rPois    +         Spirit   .   (no helmet)
rElec    .         Reflect  .   (no cloak)
rCorr    +         Harm     .   (no gloves)
MR       .....                  (no boots)
Stlth    +.........             (no amulet)
HPRegen  0.13/turn              f - ring of poison resistance
MPRegen  0.10/turn              (no ring)

@: confused
A: no striking features
a: Depart the Abyss, Renounce Religion


You were on level 2 of the Dungeon.
You worshipped Lugonu.
Lugonu was aware of your devotion.
You were hungry.

You visited 1 branch of the dungeon, and saw 2 of its levels.
You visited the Abyss 1 time.

You collected 145 gold pieces.

Inventory:

Hand Weapons
 a - a +1 hand axe (weapon)
Armour
 h - the +4 leather armour of Somewhere Else (worn) {rCorr Dex+2}
   (You found it on level 2 of the Abyss)

   It affects your dexterity (+2).
   It provides partial protection from all sources of acid and corrosion.
Jewellery
 b - an uncursed ring of ice
 f - a ring of poison resistance (left hand)
Scrolls
 d - a scroll of enchant weapon {unknown}
 g - a scroll of teleportation {unknown}
 l - a scroll of remove curse {unknown}
Potions
 e - a potion of curing {unknown}
 i - a potion of haste {unknown}
 m - a potion of heal wounds {unknown}
Comestibles
 c - 4 rations


   Skills:
 + Level 4.0 Fighting
 * Level 3.7 Axes
 + Level 0.9 Throwing
 + Level 2.5 Armour
 + Level 1.1 Dodging
 + Level 0.8 Stealth
 + Level 3.0 Invocations


You had 3 spell levels left.
You didn't know any spells.
Your spell library was empty.

Dungeon Overview and Level Annotations

Branches:
Dungeon (2/15)

Altars:
Xom

Annotations:
D:2 Sigmund


Message History

The bullfrog releases a deep croak.
Something hits you!
* * * LOW HITPOINT WARNING * * *
Something freezes you.
* * * LOW HITPOINT WARNING * * *
It was a potion of ambrosia.
You are more confused.
You feel invigorated. Something hits you.
* * * LOW HITPOINT WARNING * * *
Something freezes you.
* * * LOW HITPOINT WARNING * * *
You hit something. Something hits you but does no damage. Something hits you!
* * * LOW HITPOINT WARNING * * *
Something freezes you.
* * * LOW HITPOINT WARNING * * *
You miss something. Something hits you!
* * * LOW HITPOINT WARNING * * *
Something freezes you.
You die...

#.....# ###.###
##...#####..
######..........#
........()#####.
######...<# ###.)(#
#....)# ##.
#.###@#####.... #.#
#.{gr...... . #.#
###F..##.. .. #.#
#g### ... #.#####.#
.... #.......#
.....
###...#######.@..>.
#...# #.......#
####...####.##.#..#


You could see a bullfrog, a hobgoblin, a goblin and a rat.

Vanquished Creatures
  Robin (D:2)
  An adder (D:2)
  2 dart slugs (D:1)
  2 giant cockroaches (D:1)
  11 goblins
  6 hobgoblins (D:1)
  6 jackals (D:1)
  2 frilled lizards
  4 kobolds (D:1)
  A rat (D:1)
  2 fungi (D:1)
38 creatures vanquished.

Vanquished Creatures (others)
  5 toadstools (D:1)
5 creatures vanquished.

Grand Total: 43 creatures vanquished

Notes
Turn   | Place    | Note
-------+----------+-------------------------------------------
     0 | Abyss:1  | Destapler the Hill Orc Abyssal Knight began the quest for
                  | the Orb.
     0 | Abyss:1  | Reached XP level 1. HP: 19/19 MP: 2/2
    51 | Abyss:1  | Noticed a neqoxec
    54 | Abyss:1  | Noticed a quasit
    71 | Abyss:2  | Noticed a hell hound
    71 | Abyss:2  | Noticed a white draconian
    88 | Abyss:2  | Got a transparent leather armour
    92 | Abyss:2  | Noticed a neqoxec
    93 | D:1      | Escaped the Abyss
   104 | D:1      | Identified the +4 leather armour of Somewhere Else {rCorr
                  | Dex+2} (You found it on level 2 of the Abyss)
   409 | D:1      | Reached skill level 1 in Dodging
   409 | D:1      | Reached XP level 2. HP: 21/27 MP: 3/3
   534 | D:1      | Found a shimmering altar of Xom.
   551 | D:1      | Reached * piety under Lugonu
   744 | D:1      | Reached XP level 3. HP: 30/33 MP: 5/5
   965 | D:2      | Noticed Robin
  1040 | D:2      | Reached skill level 4 in Fighting
  1049 | D:2      | Killed Robin
  1049 | D:2      | Reached XP level 4. HP: 6/40 MP: 6/6
  1351 | D:2      | Noticed Sigmund
  1484 | D:2      | Noticed a bullfrog
  1497 | D:2      | HP: 1/40 [something (12)]
  1497 | D:2      | Slain by Sigmund

Illustrated notes

Levels and vault maps discovered:
D:1:      eino_arrival_water_cross, layout_loops_cross,
          minmay_gold_behind_fungi, xom_teletrap_fun
D:2:      layout_loops_cross, uniq_robin, uniq_sigmund, uniq_crazy_yiuf_cottage

Skill      XL: |  1  2  3 |
---------------+----------+-----
Dodging        | 1 |  1.1
Axes           | 3 |  3.7
Fighting       | 4 |  4.0
Invocations    | 3 |  3.0
Throwing       | |  0.9
Armour         | |  2.5
Stealth        | |  0.8

Action                   |  1- 3 |  4- 6 || total
-------------------------+-------+-------++-------
Melee: Hand axe          |    98 |    27 ||   125
Invok: Depart the Abyss  |     1 |       ||     1
  Use: Potion            |     1 |     1 ||     2
  Eat: Chunk             |       |     1 ||     1
Armor: Leather armour    |    49 |     7 ||    56
Dodge: Dodged            |    74 |     8 ||    82
